 Dungeon Crawl Stone Soup version 0.28.0-1-gb440e238dd (webtiles) character file.

Game seed: 14633167316949556579

54 Krehm the Gusty (level 3, -6/26 HPs)
             Began as a Draconian Air Elementalist on Feb 19, 2022.
             Mangled by Natasha (9 damage)
             ... on level 2 of the Dungeon.
             The game lasted 00:06:17 (1279 turns).

Krehm the Gusty (Draconian Air Elementalist)        Turns: 1279, Time: 00:06:17

Health: -6/26      AC:  0    Str: 10    XL:     3   Next: 66%
Magic:  0/7        EV: 14    Int: 17    God:
Gold:   41         SH:  0    Dex: 11    Spells: 5/8 levels left

rFire   . . .      SeeInvis .   (weapon currently unavailable)
rCold   . . .      Faith    .   (shield currently unavailable)
rNeg    . . .      Spirit   .   (armour unavailable)
rPois   .          Reflect  .   (helmet currently unavailable)
rElec   .          Harm     .   (cloak currently unavailable)
rCorr   .          Rampage  .   (gloves currently unavailable)
Will    .....                   (boots currently unavailable)
Stlth   ++........              (no amulet)
HPRegen 0.08/turn               (ring currently unavailable)
MPRegen 0.10/turn               (ring currently unavailable)

@: pig-form, very slightly contaminated, very quick
A: fast, no casting, AC +5, small, unfitting armour, (cold-blooded)
a: no special abilities


You were on level 2 of the Dungeon.
You were a filthy swine.
You visited 1 branch of the dungeon, and saw 2 of its levels.

You collected 41 gold pieces.

Inventory:

Hand Weapons
 e - a +0 dagger (melded)
Missiles
 h - 4 poisoned darts (quivered)
Armour
 f - a +0 cloak (melded)
Magical Staves
 c - a staff of cold
Jewellery
 j - a ring of see invisible
Scrolls
 d - 2 scrolls of noise {unknown}
 g - 2 scrolls of identify {unknown}
 i - a scroll of enchant armour {unknown}
Potions
 a - 2 potions of berserk rage {unknown}
 b - a potion of cancellation {unknown}


   Skills:
 - Level 1.7 Dodging
 - Level 1.7 Stealth
 + Level 3.0 Spellcasting
 - Level 1.0 Conjurations
 + Level 3.9 Air Magic


You had 5 spell levels left.
You knew the following spells:

 Your Spells              Type           Power      Damage    Failure   Level
a - Shock                 Conj/Air       44%        1d5       6%          1
b - Static Discharge      Conj/Air       11%        N/A       10%         2

Your spell library contained the following spells:

 Spells                   Type           Power      Damage    Failure   Level
 Swiftness                Air            16%        N/A       11%         3
 Airstrike                Air            8%         N/A       34%         4
 Conjure Flame            Conj/Fire      4%         6-21      38%         3
 Ignite Poison            Fire/Tmut/Pois 2%         N/A       45%         3
 Sticky Flame             Conj/Fire      4%         2d3       80%         4


Dungeon Overview and Level Annotations

Branches:
Dungeon (2/15)

Altars:

Annotations:
D:2 Natasha


Innate Abilities, Weirdness & Mutations

You are a filthy swine.
You move quickly.
Your equipment is almost entirely melded.
You are incapable of wielding weapons or throwing items.
You cannot cast spells.
((Your plain brown scales are hard. (AC +5)))
You cannot fit into any form of body armour.
((You are cold-blooded and may be slowed by cold attacks.))


Message History

Press: ? - help, Shift-Dir - straight line You miscast Shock.
You are very lightly contaminated with residual magic.
Nothing appears to happen.
Natasha hisses angrily.
Natasha stares at you and mumbles some strange words.
The magic dart hits you!
Natasha zaps a wand.
You resist with significant effort.
Casting: Shock (safe; 6% risk of failure)
Confirm with . or Enter, or press ? or * to list all spells.
Natasha is struck by an arc of lightning.
Natasha is moderately wounded.
You are struck by an arc of lightning.
The lightning grounds out.
Natasha claws you.
Casting: Static Discharge (safe; 10% risk of failure)
Confirm with . or Enter, or press ? or * to list all spells.
Natasha is struck by an arc of lightning!
Natasha is almost dead.
You are struck by an arc of lightning.
The lightning grounds out.
Natasha claws you but does no damage.
Casting: Static Discharge (safe; 10% risk of failure)
Confirm with . or Enter, or press ? or * to list all spells.
You miscast Static Discharge.
Nothing appears to happen.
Natasha zaps a wand.
You turn into a filthy swine.
Your +0 dagger melds into your body.
Your +0 cloak melds into your body.
You miss Natasha.
Natasha is almost dead.
Natasha claws you!
* * * LOW HITPOINT WARNING * * *
You barely miss Natasha.
Natasha is almost dead.
Natasha barely misses you.
You miss Natasha.
Natasha is almost dead.
Natasha casts a spell at you. You resist with significant effort.
You hit Natasha.
Natasha is almost dead.
Natasha claws you!
You die...

##..##
##........... ##.#
#........## #.#
#.#...#.h### #.#
#.##.......# #.#
#####........#.# .#
.........##.......#
####....>..##.####
##h##.#.# #
#..h....# #.......#
#.###....... #.
......# #. ...####
#. ...# #. ...#
..(#


You could see Natasha.

Vanquished Creatures
  Natasha (D:2)
  A dart slug (D:1)
  5 bats
  An endoplasm (D:1)
  A giant cockroach (D:2)
  4 goblins (D:1)
  5 hobgoblins
  3 kobolds
  2 frilled lizards
  3 rats
26 creatures vanquished.

Notes
Turn   | Place    | Note
-------+----------+-------------------------------------------
     0 | D:1      | Krehm the Draconian Air Elementalist began the quest for
                  | the Orb.
     0 | D:1      | Reached XP level 1. HP: 14/14 MP: 3/3
   295 | D:1      | Reached XP level 2. HP: 20/20 MP: 0/5
   298 | D:1      | Learned a level 2 spell: Static Discharge
  1126 | D:2      | Identified the +0 robe of the Falcon {rF+}
  1139 | D:2      | Reached XP level 3. HP: 26/26 MP: 4/7
  1196 | D:2      | Noticed Natasha
  1205 | D:2      | Killed Natasha
  1214 | D:2      | Noticed Natasha
  1279 | D:2      | Mangled by Natasha

Illustrated notes

Levels and vault maps discovered:
D:1:      lemuel_arrival_hallway, layout_basic, minmay_hexomino_u4
D:2:      layout_loops_cross, basic_ecumenical_altar, uniq_natasha

Skill      XL: |  1  2  3 |
---------------+----------+-----
Spellcasting   | 3 |  3.0
Dodging        | |  1.7
Stealth        | |  1.7
Conjurations   | |  1.0
Air Magic      | |  3.9

Action                   || total
-------------------------++-------
Melee: Staff             ||     6
       Dagger            ||    16
       Tailslap          ||     4
       Unarmed           ||     4
 Cast: Shock             ||    39
       Static Discharge  ||     6
 Stab: Sleeping          ||     2
Armor: Skin              ||    11
Dodge: Dodged            ||    19
